 Dungeon Crawl Stone Soup version 0.29.0-15-g675c0067aa (webtiles) character file.

Game seed: 1443243296527686001

20615 qw the Severer (level 12, -3/110 HPs)
             Began as a Minotaur Berserker on Sept 12, 2022.
             Was an Elder of Trog.
             Slain by a cane toad (14 damage)
             ... on level 3 of the Lair of Beasts.
             The game lasted 00:03:59 (11829 turns).

qw the Severer (Minotaur Berserker)                Turns: 11829, Time: 00:04:00

Health: -3/110     AC: 24    Str: 25    XL:     12   Next: 46%
Magic:  0/11       EV:  9    Int:  4    God:    Trog [****..]
Gold:   823        SH: 17    Dex: 12    Spells: 11/11 levels left

rFire   + + .      SeeInvis .   Y - +1 war axe (elec)
rCold   . . .      Faith    .   r - +2 kite shield
rNeg    . . .      Spirit   +   x - +1 chain mail {rF+}
rPois   .          Reflect  .   (helmet restricted)
rElec   .          Harm     .   f - +0 cloak
rCorr   .          Rampage  .   c - +1 pair of gloves
Will    .....                   j - +1 pair of boots
Stlth   ..........              m - amulet of guardian spirit
HPRegen 0.28/turn               k - ring of protection from fire
MPRegen 0.12/turn               t - +4 ring of protection

@: lethally poisoned (-3 -> -39), about to teleport, on berserk cooldown,
slowed, very slow
A: horns 2, retaliatory headbutt, iridescent scales 1, large bone plates 1,
passive freeze
a: Renounce Religion, Berserk, Trog's Hand, Brothers in Arms


You were on level 3 of the Lair of Beasts.
You worshipped Trog.
Trog was greatly pleased with you.
You visited 2 branches of the dungeon, and saw 11 of its levels.
You also visited: Ossuary.

You collected 823 gold pieces.


Innate Abilities, Weirdness & Mutations

You have a pair of horns on your head.
You reflexively headbutt those who attack you in melee.
You are partially covered in iridescent scales. (AC +2)
You are partially covered in large bone plates. (SH +4)
A frigid envelope surrounds you and freezes all who hurt you.


   Skills:
 - Level 11.0 Fighting
 - Level 16.0 Axes
 - Level 5.0 Throwing
 - Level 9.0 Armour
 - Level 4.6 Dodging
 + Level 11.7 Shields


You had 11 spell levels left.
You didn't know any spells.
Your spell library was empty.

Inventory:

Hand Weapons
 n - a +0 morningstar
 Y - a +1 war axe of electrocution (weapon)
Missiles
 q - 2 silver javelins (quivered)
 u - 7 boomerangs
Armour
 c - a +1 pair of gloves (worn)
 f - a +0 cloak (worn)
 j - a +1 pair of boots (worn)
 r - a +2 kite shield (worn)
 x - a +1 chain mail of fire resistance (worn)
Jewellery
 k - a ring of protection from fire (left hand)
 m - an amulet of guardian spirit (around neck)
 t - a +4 ring of protection (right hand)
 v - an amulet of regeneration
Scrolls
 d - a scroll of vulnerability {unknown}
 g - a scroll of identify
 l - 3 scrolls of teleportation
Potions
 b - 2 potions of might
 e - 4 potions of haste
 h - a potion of cancellation
 i - 10 potions of curing
 o - a potion of invisibility {unknown}
 s - 5 potions of mutation

Dungeon Overview and Level Annotations

Branches:
Dungeon (8/15)             Temple (0/1) D:7            Lair (3/5) D:8
  Swamp (0/4) Lair:3       Spider (0/4) Lair:2      Ossuary (visited)

Altars:
Elyvilon
Gozag
Nemelex Xobeh
Vehumet
Zin
The Shining One

Shops:
D:7 :

Annotations:
D:8 3 runed translucent doors, qw's ghost, weakling GrDe


Message History

You slash the bullfrog!
Lightning courses through the bullfrog!!
You kill the bullfrog!
Trog accepts your kill.
You slash the cane toad! The cane toad stings you!
You are poisoned.
The cane toad poisons you!
The cane toad is very cold.
The cane toad seems to slow down.
The cane toad is almost dead.
You block the cane toad's attack.
You hit the cane toad.
The cane toad is almost dead.
You completely miss the cane toad.
You are no longer berserk.
You are exhausted.
You feel as though you will be slow longer.
You feel very sick. The cane toad stings you!
The cane toad is very cold.
The cane toad seems to slow down.
The cane toad is heavily wounded.
You block the cane toad's attack.
11828 ||| READING 4 scrolls of teleportation.
As you read the scroll of teleportation, it crumbles to dust.
You feel strangely unstable.
You feel very sick. The cane toad stings you!
You are more poisoned.
The cane toad poisons you!
The cane toad is very cold.
The cane toad is heavily wounded.
You block the cane toad's attack.
11829 ||| DRINKING potion of heal wounds.
You feel much better.
You feel extremely sick. The cane toad stings you!
You are more poisoned.
The cane toad poisons you!
The cane toad is very cold.
The cane toad is almost dead.
The cane toad stings you!
You die...

### ##.# #..### #
#...## .. #..
##....#....
#....#..........?
P.....F@........#
#.....F$.###...##
##.....#.P# ..P#
.}.....#..# .##
......#...# #
.....? #...
..>### #..(. ...
....#


7 You could see 2 cane toads.

Vanquished Creatures
  A catoblepas (Lair:1)
  2 hydras
  A two-headed ogre (D:8)
  2 death yaks (Lair:3)
  A deep elf pyromancer (D:8)
  2 bog bodies (Lair:3)
  Joseph (D:7)
  A black mamba (Lair:3)
  4 cane toads
  4 komodo dragons
  A rime drake (Lair:2)
  A hornet (D:7)
  A jumping spider (Lair:2)
  5 blink frogs (Lair:1)
  27 yaks
  2 steam dragons
  A redback (Lair:2)
  3 swamp worms (Lair:3)
  Edmund (D:6)
  5 water moccasins
  A black bear (D:4)
  An ice beast (D:6)
  3 orc warriors
  3 ogres
  2 centaurs
  6 wolves (Lair:2)
  3 phantoms
  14 bullfrogs
  A gnoll sergeant (D:5)
  6 scorpions
  9 wights
  12 killer bees
  A howler monkey (D:8)
  3 hounds
  An orc priest (D:7)
  2 gnoll boudas
  A jelly (D:3)
  5 iguanas
  5 orc wizards
  8 mummies (Ossuary)
  17 gnolls
  6 adders
  A shadow imp (D:7)
  A white imp (D:6)
  An ufetubus (D:5)
  2 worms
  4 dart slugs
  20 orcs
  5 endoplasms
  A giant cockroach (D:4)
  6 goblins
  13 hobgoblins
  6 jackals
  2 quokkas
  8 ball pythons
  10 bats
  4 frilled lizards
  A gnoll zombie (Ossuary)
  11 kobolds
  4 kobold zombies (Ossuary)
  3 orc zombies (Ossuary)
  7 rats
286 creatures vanquished.

Vanquished Creatures (collateral kills)
  2 death yaks (Lair:3)
  A yak (Lair:3)
3 creatures vanquished.

Vanquished Creatures (others)
  7 fungi
  11 plants
18 creatures vanquished.

Grand Total: 307 creatures vanquished

Notes
Turn   | Place    | Note
-------+----------+-------------------------------------------
     0 | D:1      | qw the Minotaur Berserker began the quest for the Orb.
     0 | D:1      | Reached XP level 1. HP: 19/19 MP: 0/0
     0 | D:1      | 0 ||| qw: Version: 0.1-a-119-g272c26d
     0 | D:1      | 0 ||| qw: Game counter: 10899
     0 | D:1      | 0 ||| qw: Always use a shield: true
     0 | D:1      | 0 ||| qw: Do Orc after D:15 true
     0 | D:1      | 0 ||| qw: Do second Lair branch before Depths: true
     0 | D:1      | 0 ||| qw: Lair rune preference: random
     0 | D:1      | 0 ||| qw: Plans: Normal
     0 | D:1      | 0 ||| PLANNING D:1-11
    28 | D:1      | Reached skill level 4 in Axes
    61 | D:1      | Reached XP level 2. HP: 26/26 MP: 1/1
   402 | D:1      | Reached ** piety under Trog
   645 | D:1      | Reached skill level 5 in Axes
   726 | D:1      | Reached XP level 3. HP: 31/31 MP: 2/2
   841 | D:1      | 841 ||| INVOKING Berserk.
   955 | D:1      | 955 ||| DROPPING +0 club.
  1278 | D:1      | 1278 ||| UPGRADING to +0 cloak.
  1283 | D:1      | 1283 ||| READING scroll labelled DAXTIT KOCOOSU.
  1284 | D:1      | 1284 ||| READING scroll labelled TAESCH HACIE.
  1289 | D:1      | 1289 ||| DRINKING 2 green potions.
  1290 | D:1      | 1290 ||| DROPPING potion of flight.
  1338 | D:2      | 1338 ||| STAIRDANCE
  1340 | D:1      | 1340 ||| INVOKING Berserk.
  1482 | D:2      | 1482 ||| Stepping ~*~*~tactically~*~*~ (stealth).
  1483 | D:2      | 1483 ||| Stepping ~*~*~tactically~*~*~ (stealth).
  1516 | D:2      | Reached skill level 6 in Axes
  1516 | D:2      | Reached XP level 4. HP: 23/39 MP: 3/3
  1519 | D:2      | 1519 ||| FLEEEEING.
  1520 | D:2      | 1520 ||| FLEEEEING.
  1521 | D:2      | 1521 ||| FLEEEEING.
  1522 | D:2      | 1522 ||| FLEEEEING.
  1586 | D:2      | 1586 ||| Stepping ~*~*~tactically~*~*~ (stealth).
  1589 | D:2      | 1589 ||| Stepping ~*~*~tactically~*~*~ (stealth).
  2012 | D:2      | Found a faded altar of an unknown god.
  2121 | D:2      | 2121 ||| READING 2 scrolls labelled ZYUCIR ZUGYGUIM.
  2122 | D:2      | 2122 ||| DRINKING 2 fuming sapphire potions.
  2123 | D:2      | 2123 ||| DROPPING scroll of poison.
  2124 | D:2      | 2124 ||| READING scroll of teleportation.
  2183 | D:3      | 2183 ||| FLEEEEING.
  2184 | D:3      | 2184 ||| FLEEEEING.
  2185 | D:3      | 2185 ||| FLEEEEING.
  2186 | D:3      | 2186 ||| FLEEEEING.
  2187 | D:3      | 2187 ||| FLEEEEING.
  2188 | D:3      | 2188 ||| FLEEEEING.
  2189 | D:3      | 2189 ||| FLEEEEING.
  2194 | D:3      | 2194 ||| FLEEEEING.
  2195 | D:3      | 2195 ||| FLEEEEING.
  2196 | D:3      | 2196 ||| FLEEEEING.
  2197 | D:3      | 2197 ||| FLEEEEING.
  2198 | D:3      | 2198 ||| FLEEEEING.
  2199 | D:3      | 2199 ||| FLEEEEING.
  2200 | D:3      | 2200 ||| STAIRDANCE
  2232 | D:2      | 2232 ||| UPGRADING to +0 chain mail.
  2242 | D:2      | 2242 ||| DROPPING +0 animal skin.
  2243 | D:2      | 2243 ||| DRINKING 2 inky potions.
  2244 | D:2      | 2244 ||| DROPPING potion of brilliance.
  2332 | D:3      | 2332 ||| Stepping ~*~*~tactically~*~*~ (hiding).
  2338 | D:3      | Reached skill level 1 in Throwing
  2534 | D:3      | 2534 ||| SWAPPING to +0 war axe.
  2535 | D:3      | 2535 ||| DROPPING +1 hand axe.
  2702 | D:3      | 2702 ||| UPGRADING to +0 pair of boots.
  2707 | D:3      | 2707 ||| READING scroll labelled GORRIH RIXONTI.
  2708 | D:3      | 2708 ||| DRINKING 2 golden potions.
  2709 | D:3      | 2709 ||| DROPPING potion of attraction.
  2721 | D:4      | Noticed a black bear
  2722 | D:4      | 2722 ||| STAIRDANCE
  2724 | D:3      | 2724 ||| INVOKING Berserk.
  2833 | D:4      | 2833 ||| INVOKING Berserk.
  2835 | D:4      | Killed a black bear
  2836 | D:4      | Reached skill level 7 in Axes
  2836 | D:4      | Reached XP level 5. HP: 45/45 MP: 4/4
  2841 | D:4      | 2841 ||| STAIRDANCE
  3012 | D:4      | 3012 ||| DROPPING +0 whip.
  3026 | D:4      | 3026 ||| READING scroll of enchant weapon.
  3026 | D:4      | 3026 ||| ENCHANTING +0 war axe.
  3083 | D:4      | 3083 ||| Stepping ~*~*~tactically~*~*~ (stealth).
  3090 | D:4      | 3090 ||| Stepping ~*~*~tactically~*~*~ (stealth).
  3091 | D:4      | 3091 ||| FLEEEEING.
  3092 | D:4      | 3092 ||| FLEEEEING.
  3093 | D:4      | 3093 ||| FLEEEEING.
  3094 | D:4      | 3094 ||| FLEEEEING.
  3095 | D:4      | 3095 ||| FLEEEEING.
  3096 | D:4      | 3096 ||| FLEEEEING.
  3097 | D:4      | 3097 ||| FLEEEEING.
  3098 | D:4      | 3098 ||| FLEEEEING.
  3099 | D:4      | 3099 ||| FLEEEEING.
  3101 | D:4      | 3101 ||| FLEEEEING.
  3102 | D:4      | 3102 ||| FLEEEEING.
  3103 | D:4      | 3103 ||| FLEEEEING.
  3104 | D:4      | 3104 ||| FLEEEEING.
  3105 | D:4      | 3105 ||| FLEEEEING.
  3106 | D:4      | 3106 ||| STAIRDANCE
  3139 | D:3      | 3139 ||| UPGRADING to amulet of guardian spirit.
  3144 | D:3      | 3144 ||| READING 3 scrolls labelled GEURHATUPI.
  3145 | D:3      | 3145 ||| READING scroll labelled ILAMMU MEPS.
  3146 | D:3      | 3146 ||| READING 2 scrolls of identify.
  3146 | D:3      | 3146 ||| IDENTIFYING black potion
  3147 | D:3      | 3147 ||| DROPPING potion of magic.
  3362 | D:4      | 3362 ||| Stepping ~*~*~tactically~*~*~ (stealth).
  3365 | D:4      | Reached *** piety under Trog
  3406 | D:4      | Noticed a phantom
  3412 | D:4      | Reached XP level 6. HP: 52/52 MP: 5/5
  3419 | D:4      | Reached skill level 8 in Axes
  3440 | D:4      | 3440 ||| DRINKING 2 fuming inky potions.
  3440 | D:4      | Gained mutation: You sometimes lose your temper in combat.
                  | [potion of mutation]
  3440 | D:4      | Gained mutation: A frigid envelope surrounds you and
                  | freezes all who hurt you. [potion of mutation]
  3440 | D:4      | Gained mutation: You have supernaturally acute eyesight.
                  | (SInv) [potion of mutation]
  3441 | D:4      | 3441 ||| DRINKING potion of mutation.
  3441 | D:4      | Lost mutation: You have supernaturally acute eyesight.
                  | (SInv) [potion of mutation]
  3441 | D:4      | Lost mutation: You sometimes lose your temper in combat.
                  | [potion of mutation]
  3441 | D:4      | Gained mutation: You are partially covered in iridescent
                  | scales. (AC +2) [potion of mutation]
  3441 | D:4      | Gained mutation: You are partially covered in large bone
                  | plates. (SH +4) [potion of mutation]
  3447 | D:5      | Entered Level 5 of the Dungeon
  3473 | D:5      | Reached skill level 3 in Armour
  3626 | D:5      | 3626 ||| INVOKING Berserk.
  3632 | D:5      | Reached XP level 7. HP: 59/59 MP: 4/6
  3743 | D:5      | Reached skill level 9 in Axes
  3935 | D:5      | 3935 ||| Stepping ~*~*~tactically~*~*~ (hiding).
  3936 | D:5      | 3936 ||| Stepping ~*~*~tactically~*~*~ (hiding).
  3982 | D:5      | 3982 ||| INVOKING Berserk.
  4472 | D:5      | 4472 ||| UPGRADING to +2 kite shield.
  4477 | D:5      | 4477 ||| UPGRADING to ring of protection from fire.
  4478 | D:5      | 4478 ||| UPGRADING to +4 ring of protection.
  4479 | D:5      | 4479 ||| READING scroll labelled PUWEWU SUMAD.
  4480 | D:5      | 4480 ||| READING 2 scrolls of identify.
  4480 | D:5      | 4480 ||| IDENTIFYING metallic ruby potion
  4499 | D:6      | 4499 ||| PLANNING SEWER
  4505 | D:6      | Reached skill level 1 in Shields
  4556 | D:6      | 4556 ||| READING scroll labelled MUSSAB RYAL.
  4557 | D:6      | 4557 ||| DRINKING 2 sedimented puce potions.
  4558 | D:6      | 4558 ||| DROPPING potion of degeneration.
  4559 | D:6      | 4559 ||| READING 6 scrolls of teleportation.
  4573 | D:6      | 4573 ||| READING 5 scrolls of teleportation.
  4575 | D:6      | 4575 ||| FLEEEEING.
  4626 | D:6      | 4626 ||| READING 4 scrolls of teleportation.
  4630 | D:6      | 4630 ||| READING 3 scrolls of teleportation.
  4651 | D:6      | 4651 ||| READING 2 scrolls of teleportation.
  4652 | D:6      | 4652 ||| FLEEEEING.
  4653 | D:6      | 4653 ||| FLEEEEING.
  4674 | D:6      | Reached skill level 3 in Shields
  4674 | D:6      | 4674 ||| Stepping ~*~*~tactically~*~*~ (stealth).
  4698 | D:6      | 4698 ||| INVOKING Berserk.
  4703 | D:6      | Reached XP level 8. HP: 68/68 MP: 7/7
  4713 | D:6      | 4713 ||| DRINKING 5 potions of curing.
  4713 | D:6      | 4713 ||| (to cure confusion)
  4762 | D:6      | 4762 ||| Stepping ~*~*~tactically~*~*~ (stealth).
  4763 | D:6      | 4763 ||| Stepping ~*~*~tactically~*~*~ (stealth).
  4764 | D:6      | 4764 ||| Stepping ~*~*~tactically~*~*~ (stealth).
  4765 | D:6      | 4765 ||| Stepping ~*~*~tactically~*~*~ (stealth).
  4776 | D:6      | Reached skill level 6 in Shields
  4890 | D:6      | Found a glowing golden altar of the Shining One.
  4890 | D:6      | Found a radiant altar of Vehumet.
  4890 | D:6      | Found a glowing drain.
  4891 | D:6      | 4891 ||| READING scroll labelled NIBIYR LO GOVA.
  4892 | D:6      | Found a white marble altar of Elyvilon.
  4969 | D:6      | 4969 ||| FLEEEEING.
  4973 | D:6      | 4973 ||| FLEEEEING.
  4974 | D:6      | 4974 ||| FLEEEEING.
  4975 | D:6      | 4975 ||| FLEEEEING.
  4976 | D:6      | 4976 ||| FLEEEEING.
  4977 | D:6      | 4977 ||| FLEEEEING.
  4978 | D:6      | 4978 ||| Stepping ~*~*~tactically~*~*~ (stealth).
  4981 | D:6      | 4981 ||| FLEEEEING.
  4983 | D:6      | 4983 ||| Stepping ~*~*~tactically~*~*~ (stealth).
  4985 | D:6      | 4985 ||| FLEEEEING.
  4986 | D:6      | 4986 ||| Stepping ~*~*~tactically~*~*~ (hiding).
  4991 | D:6      | 4991 ||| INVOKING Berserk.
  5004 | D:6      | 5004 ||| Stepping ~*~*~tactically~*~*~ (stealth).
  5007 | D:6      | 5007 ||| Stepping ~*~*~tactically~*~*~ (stealth).
  5008 | D:6      | 5008 ||| Stepping ~*~*~tactically~*~*~ (stealth).
  5015 | D:6      | Reached skill level 10 in Axes
  5112 | D:6      | 5112 ||| RIP SEWER
  5115 | D:6      | 5115 ||| PLANNING D:1-11
  5189 | D:6      | Reached **** piety under Trog
  5422 | D:6      | Noticed Edmund
  5423 | D:6      | 5423 ||| FLEEEEING.
  5424 | D:6      | 5424 ||| FLEEEEING.
  5425 | D:6      | 5425 ||| FLEEEEING.
  5426 | D:6      | 5426 ||| FLEEEEING.
  5427 | D:6      | 5427 ||| FLEEEEING.
  5428 | D:6      | 5428 ||| FLEEEEING.
  5429 | D:6      | 5429 ||| FLEEEEING.
  5430 | D:6      | 5430 ||| FLEEEEING.
  5431 | D:6      | 5431 ||| FLEEEEING.
  5432 | D:6      | 5432 ||| FLEEEEING.
  5433 | D:6      | 5433 ||| FLEEEEING.
  5434 | D:6      | 5434 ||| FLEEEEING.
  5435 | D:6      | 5435 ||| FLEEEEING.
  5436 | D:6      | 5436 ||| FLEEEEING.
  5437 | D:6      | 5437 ||| INVOKING Berserk.
  5441 | D:6      | Killed Edmund
  5447 | D:6      | Reached skill level 6 in Fighting
  5673 | D:6      | 5673 ||| READING scroll labelled CUYXZEU UNURA.
  5688 | D:7      | 5688 ||| PLANNING OSSUARY
  5689 | D:7      | 5689 ||| STAIRDANCE
  5695 | D:6      | Reached XP level 9. HP: 75/75 MP: 8/8
  5769 | D:7      | 5769 ||| Stepping ~*~*~tactically~*~*~ (stealth).
  5771 | D:7      | 5771 ||| Stepping ~*~*~tactically~*~*~ (stealth).
  5772 | D:7      | 5772 ||| Stepping ~*~*~tactically~*~*~ (hiding).
  5774 | D:7      | 5774 ||| Stepping ~*~*~tactically~*~*~ (hiding).
  5775 | D:7      | 5775 ||| INVOKING Berserk.
  5790 | D:7      | Reached skill level 11 in Axes
  5960 | D:7      | Found Utzuanitz's Book Emporium.
  6174 | D:7      | Found a sand-covered staircase.
  6186 | Ossuary  | Entered an ossuary
  6227 | Ossuary  | 6227 ||| Stepping ~*~*~tactically~*~*~ (stealth).
  6228 | Ossuary  | 6228 ||| Stepping ~*~*~tactically~*~*~ (stealth).
  6294 | Ossuary  | 6294 ||| Stepping ~*~*~tactically~*~*~ (stealth).
  6399 | Ossuary  | 6399 ||| READING scroll of enchant armour.
  6399 | Ossuary  | 6399 ||| ENCHANTING +0 pair of boots.
  6421 | Ossuary  | 6421 ||| READING scroll labelled WISAEF QACALO.
  6522 | Ossuary  | 6522 ||| READING scroll labelled JORICH XUHIT.
  6672 | Ossuary  | 6672 ||| DRINKING 2 murky golden potions.
  6673 | Ossuary  | 6673 ||| DRINKING 2 fuming green potions.
  6674 | Ossuary  | 6674 ||| DRINKING 2 fuming blue potions.
  6694 | D:7      | 6694 ||| PLANNING D:1-11
  6741 | D:7      | 6741 ||| READING scroll of brand weapon.
  6741 | D:7      | 6741 ||| BRANDING +1 war axe of freezing.
  6764 | D:7      | Noticed Joseph
  6765 | D:7      | Found a sparkling altar of Nemelex Xobeh.
  6778 | D:7      | Killed Joseph
  7001 | D:7      | Found a staircase to the Ecumenical Temple.
  7002 | D:7      | 7002 ||| Stepping ~*~*~tactically~*~*~ (hiding).
  7030 | D:7      | Reached skill level 12 in Axes
  7031 | D:7      | 7031 ||| FLEEEEING.
  7032 | D:7      | 7032 ||| FLEEEEING.
  7033 | D:7      | 7033 ||| FLEEEEING.
  7035 | D:7      | 7035 ||| Stepping ~*~*~tactically~*~*~ (hiding).
  7036 | D:7      | 7036 ||| Stepping ~*~*~tactically~*~*~ (hiding).
  7037 | D:7      | 7037 ||| Stepping ~*~*~tactically~*~*~ (hiding).
  7041 | D:7      | 7041 ||| INVOKING Berserk.
  7205 | D:7      | 7205 ||| READING scroll labelled ZAEDIMN KOIT.
  7306 | D:8      | Noticed a deep elf pyromancer
  7310 | D:8      | 7310 ||| Stepping ~*~*~tactically~*~*~ (hiding).
  7316 | D:8      | Killed a deep elf pyromancer
  7317 | D:8      | Reached XP level 10. HP: 87/88 MP: 9/9
  7320 | D:8      | 7320 ||| Stepping ~*~*~tactically~*~*~ (stealth).
  7322 | D:8      | 7322 ||| Stepping ~*~*~tactically~*~*~ (stealth).
  7323 | D:8      | 7323 ||| Stepping ~*~*~tactically~*~*~ (stealth).
  7372 | D:8      | 7372 ||| Stepping ~*~*~tactically~*~*~ (hiding).
  7373 | D:8      | 7373 ||| Stepping ~*~*~tactically~*~*~ (hiding).
  7374 | D:8      | 7374 ||| Stepping ~*~*~tactically~*~*~ (hiding).
  7375 | D:8      | Noticed a two-headed ogre
  7381 | D:8      | 7381 ||| INVOKING Berserk.
  7385 | D:8      | Killed a two-headed ogre
  7386 | D:8      | Reached skill level 9 in Shields
  7539 | D:8      | 7539 ||| Stepping ~*~*~tactically~*~*~ (stealth).
  7540 | D:8      | 7540 ||| Stepping ~*~*~tactically~*~*~ (stealth).
  7613 | D:8      | Found a staircase to the Lair.
  7614 | D:8      | 7614 ||| INVOKING Berserk.
  7812 | D:8      | Found a runed translucent gate.
  7812 | D:8      | Found a runed translucent gate.
  7812 | D:8      | Found a runed translucent gate.
  7813 | D:8      | 7813 ||| Stepping ~*~*~tactically~*~*~ (hiding).
  7816 | D:8      | 7816 ||| Stepping ~*~*~tactically~*~*~ (hiding).
  7826 | D:8      | Found an opulent altar of Gozag.
  7830 | D:8      | Reached skill level 13 in Axes
  7901 | D:8      | Noticed qw's ghost (weakling GrDe)
  8089 | D:8      | 8089 ||| PLANNING LAIR
  8089 | D:8      | 8089 ||| UPGRADING to +1 pair of gloves.
  8135 | Lair:1   | Entered Level 1 of the Lair of Beasts
  8266 | Lair:1   | Noticed a seven-headed hydra
  8267 | Lair:1   | 8267 ||| INVOKING Brothers in Arms.
  8268 | Lair:1   | 8268 ||| SWAPPING to +0 morningstar.
  8269 | Lair:1   | 8269 ||| INVOKING Berserk.
  8272 | Lair:1   | Killed a seven-headed hydra
  8278 | Lair:1   | Reached skill level 3 in Dodging
  8292 | Lair:1   | 8292 ||| SWAPPING to +1 war axe of electrocution.
  8477 | Lair:1   | Noticed a cane toad
  8479 | Lair:1   | 8479 ||| INVOKING Berserk.
  8482 | Lair:1   | Killed a cane toad
  8623 | Lair:1   | 8623 ||| Stepping ~*~*~tactically~*~*~ (stealth).
  8628 | Lair:1   | 8628 ||| INVOKING Berserk.
  8647 | Lair:1   | Reached XP level 11. HP: 94/94 MP: 10/10
  8863 | Lair:1   | Found a glowing silver altar of Zin.
  8887 | Lair:1   | 8887 ||| INVOKING Berserk.
  8893 | Lair:1   | Reached skill level 14 in Axes
  9149 | Lair:1   | 9149 ||| INVOKING Berserk.
  9295 | Lair:1   | Noticed a catoblepas
  9297 | Lair:1   | 9297 ||| Stepping ~*~*~tactically~*~*~ (cloud).
  9299 | Lair:1   | 9299 ||| Stepping ~*~*~tactically~*~*~ (cloud).
  9300 | Lair:1   | 9300 ||| Stepping ~*~*~tactically~*~*~ (cloud).
  9301 | Lair:1   | 9301 ||| INVOKING Berserk.
  9305 | Lair:1   | Killed a catoblepas
  9485 | Lair:1   | 9485 ||| READING scroll labelled WEGUER GINOUGH.
  9521 | Lair:2   | 9521 ||| STAIRDANCE
  9530 | Lair:2   | 9530 ||| STAIRDANCE
  9539 | Lair:1   | Reached skill level 15 in Axes
  9543 | Lair:2   | 9543 ||| STAIRDANCE
  9603 | Lair:2   | 9603 ||| INVOKING Berserk.
  9611 | Lair:2   | 9611 ||| STAIRDANCE
  9830 | Lair:2   | 9830 ||| INVOKING Berserk.
  9835 | Lair:2   | Reached skill level 9 in Fighting
  9979 | Lair:2   | 9979 ||| Stepping ~*~*~tactically~*~*~ (stealth).
 10087 | Lair:2   | 10087 ||| Stepping ~*~*~tactically~*~*~ (stealth).
 10088 | Lair:2   | 10088 ||| Stepping ~*~*~tactically~*~*~ (stealth).
 10092 | Lair:2   | 10092 ||| Stepping ~*~*~tactically~*~*~ (stealth).
 10112 | Lair:2   | 10112 ||| Stepping ~*~*~tactically~*~*~ (stealth).
 10114 | Lair:2   | 10114 ||| Stepping ~*~*~tactically~*~*~ (stealth).
 10122 | Lair:2   | Reached skill level 16 in Axes
 10135 | Lair:2   | Found a hole to the Spider Nest.
 10363 | Lair:2   | 10363 ||| INVOKING Berserk.
 10568 | Lair:2   | 10568 ||| Stepping ~*~*~tactically~*~*~ (stealth).
 10960 | Lair:2   | 10960 ||| UPGRADING to +1 chain mail of fire resistance.
 10970 | Lair:2   | 10970 ||| DROPPING +0 chain mail.
 10971 | Lair:2   | 10971 ||| DRINKING 2 coppery potions.
 11075 | Lair:2   | 11075 ||| DRINKING 2 bubbling pink potions.
 11176 | Lair:2   | 11176 ||| DROPPING potion of berserk rage.
 11177 | Lair:2   | 11177 ||| DROPPING potion of ambrosia.
 11206 | Lair:3   | 11206 ||| STAIRDANCE
 11213 | Lair:3   | 11213 ||| INVOKING Berserk.
 11216 | Lair:3   | 11216 ||| STAIRDANCE
 11265 | Lair:3   | Reached XP level 12. HP: 106/106 MP: 11/11
 11266 | Lair:3   | Noticed a six-headed hydra
 11267 | Lair:3   | 11267 ||| INVOKING Brothers in Arms.
 11267 | Lair:3   | Noticed a death yak
 11268 | Lair:3   | Noticed a death yak
 11268 | Lair:3   | Noticed a death yak
 11269 | Lair:3   | 11269 ||| SWAPPING to +0 morningstar.
 11270 | Lair:3   | 11270 ||| INVOKING Berserk.
 11270 | Lair:3   | Noticed a death yak
 11275 | Lair:3   | Killed a six-headed hydra
 11277 | Lair:3   | Killed a death yak
 11282 | Lair:3   | Killed a death yak
 11284 | Lair:3   | 11284 ||| SWAPPING to +1 war axe of electrocution.
 11287 | Lair:3   | Killed a death yak
 11289 | Lair:3   | Reached skill level 9 in Armour
 11292 | Lair:3   | Killed a death yak
 11599 | Lair:3   | 11599 ||| INVOKING Berserk.
 11670 | Lair:3   | 11670 ||| INVOKING Berserk.
 11808 | Lair:3   | Found a staircase to the Swamp.
 11815 | Lair:3   | HP: 23/110 [bog body (18)]
 11816 | Lair:3   | 11816 ||| READING 5 scrolls of teleportation.
 11817 | Lair:3   | 11817 ||| DRINKING 2 potions of heal wounds.
 11818 | Lair:3   | 11818 ||| INVOKING Berserk.
 11827 | Lair:3   | HP: 26/110 [poisoned by a cane toad]
 11828 | Lair:3   | 11828 ||| READING 4 scrolls of teleportation.
 11828 | Lair:3   | HP: 3/110 [cane toad (10)]
 11829 | Lair:3   | 11829 ||| DRINKING potion of heal wounds.
 11829 | Lair:3   | Slain by a cane toad

Levels and vault maps discovered:
D:1:      lemuel_arrival_hallway, layout_loops_corners, minmay_small_reverse_x
D:2:      layout_rooms, shapermc_ecumenical_altar_mp_vishouse, serial_curves,
          eino_curves_03, eino_curves_02, eino_curves_01, eino_curves_04
D:3:      layout_rooms
D:4:      layout_rooms
D:5:      layout_basic, minmay_misc_feat_rugged, kennysheep_cluttered_room
D:6:      layout_cave_pools, gammafunk_temple_overflow_claw,
          serial_co_window_serial, co_window_corner_a, co_window_cross_1,
          co_window_paths_a, co_window_corner_a, co_window_corner_a,
          co_window_paths_c, co_window_broadway_c, co_window_of_opportunity_b,
          co_window_broadway_c, glass_columns_b, glass_columns_c,
          portal_sewer_entry_c, uniq_edmund
D:7:      layout_rooms, nemelex_spade_bored_becter,
          minmay_temple_entry_nine_rooms, lightli_ossuary_entry_decrepit_ruins,
          serial_shops, shop, columned_hall_lemuel, uniq_joseph
D:8:      layout_rooms, grunt_lair_entry_orc_guard_hut, ebering_ghost_gozag
Lair:1:   layout_roguey, basic_altar
Lair:2:   layout_cave_pods, spider_nest_entry_a
Lair:3:   layout_misc_corridors, nicolae_swamp_entry_splash_gauntlet,
          minmay_holes

Skill      XL: |  1  2  3  4  5  6  7  8  9 10 11 12 |
---------------+-------------------------------------+-----
Axes           | 4 5 6 7 8 9 10 12 13 16 | 16.0
Throwing       | 1 2 4 5 |  5.0
Fighting       | 4 5 6 8 10 11 | 11.0
Armour         | 3 4 7 9 |  9.0
Shields        | 3 7 8 9 10 11 | 11.7
Dodging        | 3 4 |  4.6

Action                   |  1- 3 |  4- 6 |  7- 9 | 10-12 || total
-------------------------+-------+-------+-------+-------++-------
Melee: Hand axe          |    72 |    29 |       |       ||   101
       Headbutt          |     6 |     9 |    29 |    49 ||    93
       Punch             |     1 |       |     1 |       ||     2
       War axe           |       |    40 |   183 |   244 ||   467
       Morningstar       |       |       |       |    18 ||    18
Throw: Javelin           |       |    30 |    44 |    27 ||   101
       Boomerang         |       |       |     2 |    15 ||    17
Invok: Berserk           |     2 |     3 |     6 |    16 ||    27
       Brothers in Arms  |       |       |       |     2 ||     2
  Use: Scroll            |     2 |     7 |    15 |     3 ||    27
       Potion            |     1 |     5 |     5 |     4 ||    15
 Stab: Sleeping          |     1 |       |       |       ||     1
Armor: Animal skin       |     9 |     2 |       |       ||    11
       Chain mail        |       |    35 |    52 |    66 ||   153
Dodge: Dodged            |    35 |    28 |    32 |    59 ||   154
Block: Other             |       |     2 |     2 |       ||     4
       Kite shield       |       |       |    96 |   210 ||   306

Table legend:
 A = Non-vault XP
 B = Vault XP
 C = Vault XP percentage of total XP
 D = Non-vault monster count
 E = Vault monster count
 F = Vault count percentage of total count
                 A         B        C        D         E       F
            +---------+---------+-------+---------+---------+-------
      Total |   26005 |    3446 |  11.7 |     252 |      37 |  12.8
            +---------+---------+-------+---------+---------+-------
        D:1 |      70 |       7 |   9.1 |      34 |       4 |  10.5
        D:2 |      35 |       0 |   0.0 |      15 |       0 |   0.0
        D:3 |      80 |       0 |   0.0 |      13 |       0 |   0.0
        D:4 |     326 |       0 |   0.0 |      18 |       0 |   0.0
        D:5 |     681 |       0 |   0.0 |      18 |       0 |   0.0
        D:6 |    1565 |     172 |   9.9 |      29 |       5 |  14.7
        D:7 |    1438 |     493 |  25.5 |      27 |       1 |   3.6
        D:8 |    2913 |     400 |  12.1 |      29 |       4 |  12.1
     Lair:1 |    6449 |       0 |   0.0 |      23 |       0 |   0.0
     Lair:2 |    5898 |     422 |   6.7 |      29 |       2 |   6.5
     Lair:3 |    6550 |    1804 |  21.6 |      17 |       5 |  22.7
    Ossuary |       0 |     148 | 100.0 |       0 |      16 | 100.0
            +---------+---------+-------+---------+---------+-------
